 Dungeon Crawl Stone Soup version 0.24.0-1-gfbc8707122 (webtiles) character file.

Game seed: 10037430914976985240, levelgen mode: classic

17 EnegeticOcto the Skirmisher (level 2, 0/24 HPs)
             Began as a Mummy Warper on Oct 28, 2019.
             Slain by a leopard gecko (3 damage)
             ... on level 1 of the Dungeon.
             The game lasted 00:00:37 (567 turns).

EnegeticOcto the Skirmisher (Mummy Warper)           Turns: 567, Time: 00:00:38

Health: 0/24       AC:  3    Str: 14    XL:     2   Next: 44%
Magic:  5/5        EV: 11    Int: 12    God:
Gold:   22         SH:  0    Dex: 11    Spells: 6/6 levels left

rFire    x . .     SeeInvis .   a - +0 spear
rCold    + . .     Gourm    .   (no shield)
rNeg     + + +     Faith    .   b - +0 leather armour
rPois    ∞         Spirit   .   (no helmet)
rElec    .         Reflect  .   (no cloak)
rCorr    .         Harm     .   (no gloves)
MR       .....                  (no boots)
Stlth    +.........             (no amulet)
HPRegen  0.08/turn              (no ring)
MPRegen  0.09/turn              (no ring)

@: no status effects
A: no food or potions, fire vulnerability, cold resistance 1, negative energy
resistance 3, torment resistance, unbreathing
a: no special abilities


You were on level 1 of the Dungeon.
You were not hungry.

You visited 1 branch of the dungeon, and saw 1 of its levels.

You collected 22 gold pieces.

Inventory:

Hand Weapons
 a - a +0 spear (weapon)
Missiles
 e - 5 boomerangs of dispersal (quivered)
Armour
 b - a +0 leather armour (worn)
 c - a +0 pair of gloves
Scrolls
 d - a scroll of blinking {@r4}


   Skills:
 + Level 3.1 Fighting
 - Level 1.5 Polearms
 - Level 0.7 Throwing
 - Level 0.7 Armour
 - Level 1.5 Dodging
 - Level 2.6 Spellcasting
   Level 2.4 Translocations


You had 6 spell levels left.
You didn't know any spells.
Your spell library contained the following spells:

 Spells                   Type           Power        Failure   Level  Hunger
 Blink                    Tloc           N/A          19%         2    N/A
 Shroud of Golubria       Chrm/Tloc      #.....       30%         2    N/A
 Gell's Gravitas          Tloc           #.........   34%         3    N/A
 Lesser Beckoning         Tloc           #.........   34%         3    N/A
 Teleport Other           Tloc           #.......     34%         3    N/A
 Passage of Golubria      Tloc           N/A          75%         4    N/A

Dungeon Overview and Level Annotations

Branches:
Dungeon (1/15)

Altars:


Innate Abilities, Weirdness & Mutations

You do not eat or drink.
Your flesh is vulnerable to fire.
You are immune to poison.
Your flesh is cold resistant. (rC+)
You are immune to negative energy. (rN+++)
You are immune to unholy pain and torment.
You can survive without breathing.


Message History

No target in view!
No target in view!
You open the door.
There is an open door here.
You now have 22 gold pieces (gained 10).
You open the door.
Found a dark potion.
There is an open door here.
You see here a dark potion.
You open the door.
A hobgoblin comes into view. It is wielding a +0 club.
A hobgoblin is nearby!
A giant cockroach and a goblin come into view.
The goblin shouts!
A bat comes into view.
The bat moves out of view.
There is an open door here.
A leopard gecko comes into view.
Attack whom?
Press: ? - help, Dir - move target cursor, f - giant cockroach
Aim: a giant cockroach (clinging)
You reach to attack!
You hit the giant cockroach.
The giant cockroach is severely wounded.
The leopard gecko hisses angrily.
The giant cockroach bites you but does no damage.
You closely miss the giant cockroach.
The giant cockroach is severely wounded.
The giant cockroach closely misses you.
The hobgoblin hits you but does no damage.
You hit the giant cockroach but do no damage.
The giant cockroach is severely wounded.
The giant cockroach barely misses you. The hobgoblin hits you with a +0 club.
You hit the giant cockroach.
You kill the giant cockroach!
Your Fighting skill increases to level 3!
The bat barely misses you. The hobgoblin hits you with a +0 club.
You hit the goblin.
You kill the goblin!
The bat hits you.
You miss the bat. The bat closely misses you.
The hobgoblin hits you but does no damage.
The leopard gecko bites you but does no damage.
You hit the leopard gecko but do no damage.
The hobgoblin barely misses you. The leopard gecko bites you.
You barely miss the bat. The bat hits you but does no damage.
The leopard gecko bites you.
The hobgoblin hits you but does no damage.
The leopard gecko bites you.
There is an open door here.
You see here a dark potion.
You hit the hobgoblin.
The hobgoblin is lightly wounded.
The hobgoblin hits you with a +0 club.
* * * LOW HITPOINT WARNING * * *
The leopard gecko hisses menacingly.
You barely miss the hobgoblin.
The hobgoblin is lightly wounded.
The hobgoblin barely misses you.
You hit the hobgoblin.
The hobgoblin is heavily wounded.
The hobgoblin closely misses you.
You hit the hobgoblin but do no damage.
The hobgoblin is heavily wounded.
The hobgoblin barely misses you.
You hit the hobgoblin but do no damage.
The hobgoblin is heavily wounded.
The hobgoblin barely misses you.
You closely miss the hobgoblin.
The hobgoblin is heavily wounded.
The hobgoblin hits you but does no damage.
You hit the hobgoblin.
You kill the hobgoblin!
The bat hits you but does no damage. The bat hits you.
* * * LOW HITPOINT WARNING * * *
You barely miss the bat. The bat hits you.
* * * LOW HITPOINT WARNING * * *
You barely miss the bat. The bat barely misses you.
The bat hits you but does no damage.
You hit the bat.
The bat is heavily wounded.
The bat hits you but does no damage. The bat closely misses you.
The bat hits you.
* * * LOW HITPOINT WARNING * * *
You hit the bat.
You kill the bat!
You completely miss the leopard gecko. The leopard gecko misses you.
The leopard gecko barely misses you.
You closely miss the leopard gecko.
The leopard gecko bites you but does no damage.
You hit the leopard gecko.
The leopard gecko is moderately wounded.
The leopard gecko bites you.
* * * LOW HITPOINT WARNING * * *
You hit the leopard gecko.
The leopard gecko is almost dead.
The leopard gecko barely misses you.
You miss the leopard gecko.
The leopard gecko is almost dead.
The leopard gecko bites you.
You die...

##################
######.................
#.......###############
#.......# .. ..
#....^..# .#### ###
######'####..... ...
#.#....... ...
#.#.....# .## #@#.....#
#l#.....# #!#.)...#
#.'.....# ###....##
#....# #####... ... ...


You could see a leopard gecko.

Vanquished Creatures
  A dart slug (D:1)
  3 bats (D:1)
  3 giant cockroaches (D:1)
  2 goblins (D:1)
  2 hobgoblins (D:1)
  2 kobolds (D:1)
13 creatures vanquished.

Notes
Turn   | Place    | Note
-------+----------+-------------------------------------------
     0 | D:1      | EnegeticOcto the Mummy Warper began the quest for the Orb.
     0 | D:1      | Reached XP level 1. HP: 16/16 MP: 4/4
   385 | D:1      | Reached XP level 2. HP: 14/23 MP: 5/5
   543 | D:1      | Reached skill level 3 in Fighting
   567 | D:1      | Slain by a leopard gecko

Levels and vault maps discovered:
D:1:      dpeg_arrival_simpleton_b, layout_basic, minmay_tromino_v4_c

Skill      XL: |  1  2 |
---------------+-------+-----
Fighting       | 3 |  3.1
Polearms       | |  1.5
Throwing       | |  0.7
Armour         | |  0.7
Dodging        | |  1.5
Spellcasting   | |  2.6
Translocations | |  2.4

Action                   || total
-------------------------++-------
Melee: Spear             ||    73
Armor: Leather armour    ||    32
Dodge: Dodged            ||    36
